 Dungeon Crawl Stone Soup version 0.22-a0-283-g1871b15 (webtiles) character file.

5117 galech the Grappler (level 10, -8/102 HPs)
             Began as a Troll Monk on Mar 19, 2018.
             Was a High Priest of Okawaru.
             Mangled by a large abomination (40 damage)
             ... on level 1 of the Abyss.
             The game lasted 00:11:07 (6016 turns).

galech the Grappler (Troll Monk)                    Turns: 6016, Time: 00:11:07

Health: -8/102     AC: 11    Str: 27    XL:     10   Next: 32%
Magic:  7/9        EV: 16    Int:  6    God:    Okawaru [*****.]
Gold:   320        SH:  0    Dex: 12    Spells: 9/9 levels left

rFire    . . .     SeeInvis .     - Unarmed
rCold    . . .     Gourm    +   (no shield)
rNeg     . . .     Faith    .   a - +0 robe
rPois    .         Spirit   .   C - +2 hat
rElec    .         Reflect  .   o - +0 cloak
rCorr    .         Harm     .   (gloves unavailable)
MR       .....                  (boots unavailable)
Stlth    +++.......             s - amulet of the acrobat
HPRegen  0.67/turn              w - +3 ring of strength
MPRegen  0.11/turn              x - +3 ring of protection

@: heroism, drained
A: large, unfitting armour, claws 3, fast metabolism 3, gourmand, regeneration
1, shaggy fur 1, tough skin 2, [MP-powered wands]
a: Heroism, Finesse, Renounce Religion


You were on level 1 of the Abyss.
You worshipped Okawaru.
Okawaru was extremely pleased with you.
You were not hungry.

You visited 2 branches of the dungeon, and saw 10 of its levels.
You visited the Abyss 1 time.

You collected 440 gold pieces.
You spent 120 gold pieces at shops.

Inventory:

Armour
 a - a +0 robe (worn)
 o - a +0 cloak (worn)
 C - a +2 hat (worn)
Jewellery
 s - an amulet of the acrobat (around neck)
 w - a +3 ring of strength (left claw)
 x - a +3 ring of protection (right claw)
 A - an uncursed ring of protection from fire
Wands
 u - a wand of paralysis (12)
 y - a wand of polymorph (18)
Scrolls
 e - 11 scrolls of identify {unknown}
 h - a scroll of blinking {unknown}
 i - 4 scrolls of remove curse {unknown}
 l - a scroll of enchant armour {unknown}
 n - a scroll of enchant weapon {unknown}
 q - 3 scrolls of teleportation {unknown}
 r - 2 scrolls of fear {unknown}
Potions
 c - 2 potions of haste {unknown}
 d - 3 potions of flight {unknown}
 f - 5 potions of curing {unknown}
 g - 10 potions of heal wounds
 j - a potion of resistance {unknown}
 k - 5 potions of brilliance {unknown}
 m - 2 potions of magic {unknown}
 p - a potion of berserk rage {unknown}
 t - 3 potions of ambrosia {unknown}
 v - a potion of mutation {unknown}
 z - 2 potions of cancellation {unknown}
 B - a potion of lignification {unknown}
Comestibles
 b - 13 rations


   Skills:
 + Level 7.4(12.3) Fighting
 + Level 7.6(12.5) Dodging
 - Level 1.4(6.4) Stealth
 + Level 10.0(14.9) Unarmed Combat


You had 9 spell levels left.
You didn't know any spells.

Dungeon Overview and Level Annotations

Branches:
Dungeon (9/15)             Temple (1/1) D:5
   Lair: D:8-11         Orc: D:9-12

Altars:
Ashenzari
Cheibriados
Dithmenos
Elyvilon
Fedhas
Gozag
Hepliaklqana
Kikubaaqudgha
Makhleb
Nemelex Xobeh
Okawaru
Qazlal
Ru
Sif Muna
Trog
Uskayaw
Vehumet
Wu Jian
Xom
Yredelemnul
Zin
The Shining One

Shops:
D:5 [}=*!

Annotations:
D:9 Erolcha


Innate Abilities, Weirdness & Mutations

You are too large for most types of armour.
You have claws for hands.
Your metabolism is lightning-fast.
You like to eat raw meat.
Your natural rate of healing is unusually fast.
You are covered in fur. (AC +1)
You have very tough skin. (AC +2)
[You expend magic power (3 MP) to strengthen your wands.]


Message History

You are too injured to fight recklessly!
You are too injured to fight recklessly!
You are too injured to fight recklessly!
You are too injured to fight recklessly!
You are too injured to fight recklessly!
You are too injured to fight recklessly!
You are too injured to fight recklessly!
You are too injured to fight recklessly!
You are too injured to fight recklessly!
You scratch the large abomination.
The large abomination is heavily damaged.
You completely miss the large abomination.
The large abomination is heavily damaged.
The large abomination misses you.
The wretched star pulses with an eldritch light!
You feel your magical essence link to your wands.
You claw the large abomination!
The large abomination is severely damaged.
The large abomination hits you!!!
You die...

#######
#..@X*#
#..###.#
#.## ...
###.
..8.# #
#### .
...# #.
.....##.
......
#.
##.###
.X...#.
# ≈≈## .
... #.#
## . ≈≈#
...


You could see a wretched star and a large abomination.

Vanquished Creatures
  Gastronok (D:8)
  Pikel (D:8)
  A silent spectre (Abyss:1)
  A hippogriff (D:7)
  A small abomination (Abyss:1)
  An ice beast (D:5)
  A slave (D:8)
  A phantom (D:5)
  2 orc warriors (D:6)
  3 centaurs
  2 ogres
  A crocodile (D:8)
  A big kobold (D:7)
  A bullfrog (D:4)
  5 wights (D:9)
  9 killer bees
  A jelly (D:6)
  A howler monkey (D:5)
  3 crimson imps
  A bullfrog zombie (D:8)
  An orc priest (D:3)
  A bullfrog skeleton (D:8)
  3 hounds
  An iguana (D:8)
  Ijyb (D:3)
  5 orc wizards
  9 worker ants
  2 hound skeletons
  A worker ant zombie (D:5)
  A howler monkey zombie (D:7)
  8 adders
  3 gnolls (D:3)
  An ooze (D:7)
  An adder zombie (D:5)
  An adder skeleton (D:7)
  4 worms
  7 dart slugs
  3 leopard geckos
  18 orcs
  6 bats
  4 giant cockroaches
  7 goblins
  6 hobgoblins
  9 jackals
  A quokka (D:3)
  3 frilled lizards
  A jackal zombie (D:7)
  12 kobolds
  A leopard gecko skeleton (D:4)
  A leopard gecko zombie (D:7)
  2 quokka skeletons
  6 rats
168 creatures vanquished.

Notes
Turn   | Place    | Note
-------+----------+-------------------------------------------
     0 | D:1      | galech the Troll Monk began the quest for the Orb.
     0 | D:1      | Reached XP level 1. HP: 22/22 MP: 0/0
   142 | D:1      | Reached XP level 2. HP: 29/29 MP: 1/1
   806 | D:2      | Reached XP level 3. HP: 33/36 MP: 2/2
   852 | D:2      | Found a basalt altar of Yredelemnul.
   988 | D:2      | Found a shadowy altar of Dithmenos.
  1359 | D:3      | Reached skill level 4 in Unarmed Combat
  1365 | D:3      | Reached XP level 4. HP: 44/44 MP: 3/3
  1372 | D:3      | Found a snail-covered altar of Cheibriados.
  1490 | D:3      | Found an ancient bone altar of Kikubaaqudgha.
  1515 | D:3      | Reached XP level 5. HP: 50/52 MP: 4/4
  1546 | D:3      | Noticed Ijyb
  1548 | D:3      | Paralysed by Ijyb for 7 turns
  1561 | D:3      | Killed Ijyb
  1561 | D:3      | Reached skill level 5 in Unarmed Combat
  1645 | D:3      | Found a sacrificial altar of Ru.
  1668 | D:3      | Found a faded altar of an unknown god.
  1989 | D:4      | Reached XP level 6. HP: 59/59 MP: 5/5
  2110 | D:4      | Found a glowing golden altar of the Shining One.
  2140 | D:4      | Found a sparkling altar of Nemelex Xobeh.
  2268 | D:4      | Reached skill level 6 in Unarmed Combat
  2396 | D:4      | Found an opulent altar of Gozag.
  2767 | D:5      | Entered Level 5 of the Dungeon
  2785 | D:5      | Reached XP level 7. HP: 66/67 MP: 6/6
  2853 | D:5      | Found Evitros's Gadget Boutique.
  2891 | D:5      | Found a staircase to the Ecumenical Temple.
  2892 | D:5      | Found Uddemn's Antique Armour Emporium.
  2899 | Temple   | Entered the Ecumenical Temple
  3049 | D:5      | Found an iron altar of Okawaru.
  3057 | D:5      | Became a worshipper of Warmaster Okawaru
  3057 | D:5      | Reached * piety under Okawaru
  3057 | D:5      | Reached ** piety under Okawaru
  3148 | D:5      | Found Butagoge's Assorted Antiques.
  3180 | D:5      | Found Xyheocuo's Distillery.
  3217 | D:5      | Bought a potion of heal wounds for 60 gold pieces
  3217 | D:5      | Bought a potion of heal wounds for 60 gold pieces
  3220 | D:5      | Found Pyzuduxt's Jewellery Boutique.
  3229 | D:5      | Reached skill level 7 in Unarmed Combat
  3229 | D:5      | Reached XP level 8. HP: 68/79 MP: 7/7
  3643 | D:6      | Reached skill level 5 in Dodging
  4249 | D:7      | Noticed a hippogriff
  4260 | D:7      | Killed a hippogriff
  4260 | D:7      | Reached *** piety under Okawaru
  4260 | D:7      | Reached skill level 5 in Fighting
  4396 | D:7      | Found a shimmering altar of Xom.
  4584 | D:7      | Found a hide-covered altar of Uskayaw.
  4900 | D:8      | Found a white marble altar of Elyvilon.
  4901 | D:8      | Noticed Gastronok
  4908 | D:8      | Reached skill level 8 in Unarmed Combat
  5010 | D:8      | Killed Gastronok
  5010 | D:8      | Reached **** piety under Okawaru
  5010 | D:8      | Reached ***** piety under Okawaru
  5010 | D:8      | Reached skill level 9 in Unarmed Combat
  5010 | D:8      | Reached XP level 9. HP: 79/92 MP: 5/8
  5319 | D:8      | Found a blossoming altar of Fedhas.
  5389 | D:8      | Noticed Pikel
  5406 | D:8      | Paralysed by Pikel for 7 turns
  5417 | D:8      | Paralysed by Pikel for 7 turns
  5430 | D:8      | Killed Pikel
  5430 | D:8      | Reached XP level 10. HP: 30/102 MP: 9/9
  5797 | D:9      | Noticed Erolcha
  5803 | D:9      | Cast into level 1 of the Abyss (Erolcha)
  5991 | Abyss:1  | Reached skill level 10 in Unarmed Combat
  6010 | Abyss:1  | Noticed an orange demon
  6012 | Abyss:1  | Noticed a wretched star
  6016 | Abyss:1  | Mangled by a large abomination

Vault maps used:
D:1:      dpeg_arrival_rooms_c
D:2:      nicolae_overflow_crystal_walls, grunt_dithmenos_smoke_and_mirrors
D:3:      lemuel_doored_altar, kennysheep_slug_shrine,
          lemuel_coloured_pillars_altar, serial_glass, glass_columns_a,
          glass_columns_b, glass_columns_a, glass_columns_b, item_on_display_a,
          due_unseen_surprise, chequers_ecumenical_altar_island, uniq_ijyb
D:4:      nemelex_xobeh_ov_fountains_minmay, nicolae_tso_carved_into_rock,
          grunt_gozag_statues
D:5:      okawaru_metal_pillars_1_2, minmay_temple_entry_grid, serial_shops,
          nicolae_shop_overgrown_old_shop, shop, shop, shop, shop_statue,
          first_ration
D:7:      xom_teletrap_fun, lemuel_round_altar
D:8:      overflow_temple_1_default, fedhas_bush_and_centaur_altar, uniq_pikel,
          uniq_gastronok
D:9:      serial_shops, nicolae_shop_stone, special_room, uniq_erolcha,
          uniq_prince_ribbit1
Temple:   compressed_dpeg_circular_temple

Skill      XL: |  1  2  3  4  5  6  7  8  9 10 |
---------------+-------------------------------+-----
Unarmed Combat | 4 5 6 7 9 10 | 10.0
Dodging        | 3 4 6 7 |  7.6
Fighting       | 3 4 6 7 |  7.4
Stealth        | |  1.4

Action                   |  1- 3 |  4- 6 |  7- 9 | 10-12 || total
-------------------------+-------+-------+-------+-------++-------
Melee: Unarmed           |    85 |   141 |   264 |    82 ||   572
       Punch             |     1 |     2 |     7 |     5 ||    15
Invok: Heroism           |       |       |     1 |     2 ||     3
 Stab: Sleeping          |     1 |     1 |     1 |     1 ||     4
  Eat: Chunk             |    18 |    13 |    22 |       ||    53
Armor: Robe              |    23 |    28 |    85 |    20 ||   156
Dodge: Dodged            |    34 |    95 |   184 |    51 ||   364

Table legend:
 A = Spawn XP
 B = Non-spawn XP
 C = Spawn XP percentage of total XP
 D = Spawn monster count
 E = Non-spawn monster count
 F = Spawn count percentage of total count
 G = Total turns spent on level
                    A         B        C        D         E        F      G
               +---------+---------+-------+---------+---------+-------+---------
         Total |       0 |    7310 |   0.0 |       0 |     167 |   0.0 |  6016
               +---------+---------+-------+---------+---------+-------+---------
           D:1 |       0 |      26 |   0.0 |       0 |      15 |   0.0 |   771
           D:2 |       0 |      54 |   0.0 |       0 |      19 |   0.0 |   585
           D:3 |       0 |     284 |   0.0 |       0 |      32 |   0.0 |   628
           D:4 |       0 |     342 |   0.0 |       0 |      17 |   0.0 |   783
           D:5 |       0 |     741 |   0.0 |       0 |      20 |   0.0 |   524
           D:6 |       0 |     483 |   0.0 |       0 |      15 |   0.0 |   747
           D:7 |       0 |     488 |   0.0 |       0 |      15 |   0.0 |   769
           D:8 |       0 |    3677 |   0.0 |       0 |      19 |   0.0 |   662
           D:9 |       0 |     761 |   0.0 |       0 |      13 |   0.0 |   231
       Abyss:1 |       0 |     454 |   0.0 |       0 |       2 |   0.0 |   213
               +---------+---------+-------+---------+---------+-------+---------
